 Dungeon Crawl Stone Soup version 0.32-a0-520-g344ed53f66 (webtiles) character file.

Game seed: 4286156112929378200

470 zenocrate the Chopper (level 6, -1/53 HPs)
             Began as a Minotaur Monk on Feb 27, 2024.
             Splashed by a jelly's acid (8 damage)
             ... on level 5 of the Dungeon.
             The game lasted 00:03:42 (3395 turns).

zenocrate the Chopper (Minotaur Monk)               Turns: 3395, Time: 00:03:42

Health: -1/53      AC: -2    Str: 17    XL:     6   Next: 82%
Magic:  5/5        EV: 10    Int:  7    God:
Gold:   21         SH:  0    Dex: 13    Spells: 5/5 levels left

rFire   . . .        b - +0 war axe
rCold   . . .        d - orb {light}
rNeg    . . .        j - +1 scale mail
rPois   .            (helmet restricted)
rElec   .            (no cloak)
rCorr   .            (no gloves)
SInv    .            v - +0 pair of boots
Will    .....        (no amulet) Stlth
                     (no ring)
HPRegen 0.28/turn    (no ring)
MPRegen 0.09/turn

%: no passive effects
@: corroded, glowing
A: horns 2, retaliatory headbutt
a: no special abilities


You were on level 5 of the Dungeon.
You visited 1 branch of the dungeon, and saw 5 of its levels.

You collected 213 gold pieces.
You spent 192 gold pieces at shops.

Inventory:

Hand Weapons
 a - a +0 hand axe
 b - a +0 war axe (weapon)
Missiles
 n - 2 boomerangs (quivered)
Armour
 d - an orb of light (worn)
 j - a +1 scale mail (worn)
 v - a +0 pair of boots (worn)
Scrolls
 g - 3 scrolls of enchant armour
 h - a scroll of vulnerability {unknown}
 i - a scroll of fear {unknown}
 l - 2 scrolls of immolation
 o - 2 scrolls of teleportation {unknown}
 p - a scroll of noise {unknown}
 r - 2 scrolls of revelation
 s - a scroll of enchant weapon {unknown}
Potions
 c - a potion of ambrosia
 e - 3 potions of haste
 f - a potion of might
 k - a potion of brilliance
 m - a potion of magic
 q - 2 potions of curing {unknown}
 t - a potion of heal wounds {unknown}
 u - a potion of degeneration {unknown}


   Skills:
 + Level 4.3 Fighting
 + Level 7.7 Axes
 + Level 4.3 Armour
 - Level 3.2 Dodging


You had 5 spell levels left.
You didn't know any spells.
Your spell library contained the following spells:

 Spells                   Type           Power      Damage    Failure   Level
 Slow                     Hex            0%         N/A       83%         1
 Confusing Touch          Hex            0%         N/A       99%         3
 Sigil of Binding         Hex            0%         N/A       99%         3
 Vampiric Draining        Necr           0%         2d6       99%         3


Dungeon Overview and Level Annotations

Branches:
Dungeon (5/15)
 Temple: D:4-7

Altars:
Xom

Shops:
D:3 :   D:4 *


Innate Abilities, Weirdness & Mutations

You have a pair of horns on your head.
You reflexively headbutt those who attack you in melee.


Message History

No target in view!
You open the door.
A jelly and a phantom come into view.
The jelly quivers.
The phantom hits you but does no damage.
There is an open door here.
There are monsters nearby!
You slash the phantom!
The phantom is moderately damaged.
The phantom hits you but does no damage.
There are monsters nearby!
You slash the phantom!
The phantom is severely damaged.
The phantom hits you but does no damage.
You barely miss the phantom.
The phantom is severely damaged.
The phantom hits you but does no damage.
You barely miss the phantom.
The phantom is severely damaged.
You hit the jelly.
Your hands burn!
The phantom misses you. The jelly hits you.
You are splashed with acid!
You slash the phantom!
You destroy the phantom!
You hit the jelly.
Your hands burn!
The jelly hits you. The acid corrodes you!
You are splashed with acid!
You slash the jelly!
Your hands burn!
The jelly is heavily wounded.
The jelly barely misses you.
You hit the jelly. The acid corrodes you!
Your hands burn!
The jelly is severely wounded.
The jelly hits you. The acid corrodes you!
You are splashed with acid!
* * * LOW HITPOINT WARNING * * *
You are too injured to fight recklessly!
You hit the jelly but do no damage.
Your hands burn!
* * * LOW HITPOINT WARNING * * *
The jelly is severely wounded.
The jelly hits you.
* * * LOW HITPOINT WARNING * * *
You are splashed with acid!
You die...

#.######## #.# #.#
#.# #.#
#.#######...
#######.#.........
..........#####...
#######@#.# #J.###
#...# #...# #...#
#...# #...# #...#


You could see a jelly.

Vanquished Creatures
  A phantom (D:5)
  An orc priest (D:3)
  A hound (D:4)
  A sleepcap (D:4)
  4 orc wizards (D:3)
  4 gnolls (D:3)
  4 adders
  3 ribbon worms
  A dart slug (D:3)
  20 orcs
  4 ball pythons
  10 endoplasms
  2 giant cockroaches (D:2)
  8 goblins
  7 hobgoblins
  6 jackals
  4 kobolds
  8 quokkas
  5 bats
  4 frilled lizards
  6 rats
104 creatures vanquished.

Notes
Turn   | Place    | Note
-------+----------+-------------------------------------------
     0 | D:1      | zenocrate the Minotaur Monk began the quest for the Orb.
     0 | D:1      | Reached XP level 1. HP: 19/19 MP: 0/0
    75 | D:1      | Reached skill level 4 in Axes
   119 | D:1      | Reached XP level 2. HP: 26/26 MP: 1/1
   802 | D:2      | Reached skill level 5 in Axes
   802 | D:2      | Reached XP level 3. HP: 28/31 MP: 2/2
   811 | D:2      | Found a shimmering altar of Xom.
   830 | D:2      | Reached skill level 1 in Armour
   885 | D:2      | Reached XP level 4. HP: 32/39 MP: 3/3
   887 | D:2      | Identified the +0 robe of Theory {Rampage rC- rN+++ Int-5}
  1428 | D:3      | Reached skill level 6 in Axes
  1434 | D:3      | Reached XP level 5. HP: 26/45 MP: 4/4
  1779 | D:3      | Reached skill level 7 in Axes
  2028 | D:3      | Reached XP level 6. HP: 44/51 MP: 5/5
  2109 | D:3      | Found Jasung's Book Emporium.
  2518 | D:4      | Found Nulerr's Assorted Antiques.
  2537 | D:4      | Bought 2 scrolls labelled HEN CEAMAASM for 64 gold pieces
  2537 | D:4      | Bought a scroll labelled IPHUYLY ZEUKHOFF for 32 gold
                  | pieces
  2537 | D:4      | Bought a scroll labelled FUXKUMM TAPNO for 32 gold pieces
  2537 | D:4      | Bought a scroll of identify for 64 gold pieces
  3341 | D:5      | Entered Level 5 of the Dungeon
  3395 | D:5      | Splashed by a jelly's acid

Illustrated notes

Levels and vault maps discovered:
D:1:      dpeg_arrival_arbitrary_a, layout_rooms
D:2:      layout_rooms, basic_altar, minmay_misc_feat_rugged,
          minmay_fractal_squares_5
D:3:      layout_loops_ring, serial_shops, shop, minmay_fountain_box
D:4:      layout_cave_pods, serial_shops, shop
D:5:      layout_loops_corners, serial_library,
          serial_library_hellmonk_small_corner, serial_library_hellmonk_room_c,
          serial_library_regret_index_split_case,
          serial_library_hellmonk_h_bend, serial_library_hellmonk_small_corner,
          serial_library_hellmonk_hallway_a, serial_library_hellmonk_junction,
          serial_library_hellmonk_room_b, st_stairs_11

Skill      XL: |  1  2  3  4  5  6 |
---------------+-------------------+-----
Axes           | 4 5 6 7 |  7.7
Armour         | 1 2 3 4 |  4.3
Fighting       | 4 |  4.3
Dodging        | |  3.2

Action                     |  1- 3 |  4- 6 || total
---------------------------+-------+-------++-------
  Melee: Hand axe          |    52 |    28 ||    80
         Headbutt          |    13 |    30 ||    43
         War axe           |       |   120 ||   120
    Use: Scroll            |     3 |     4 ||     7
 Armour: Robe              |     5 |       ||     5
         Ring mail         |    30 |    13 ||    43
         Scale mail        |       |    76 ||    76
  Dodge: Dodged            |    29 |    73 ||   102
         Repelled          |       |     1 ||     1

Table legend: (Time is in decaauts)
 A = Elapsed time spent in this place.
 B = Non-inter-level travel time spent in this place.
 C = Inter-level travel time spent in this place.
 D = Time resting spent in this place.
 E = Time spent auto-exploring this place.
 F = Levels seen in this place.
 G = Mean time per level.
                   A        B        C        D        E       F      G
               +--------+--------+--------+--------+--------+-----+--------+
         Total |   3416 |   3182 |    234 |      0 |   2634 |   5 |  683.2 |
       Dungeon |   3416 |   3182 |    234 |      0 |   2634 |   5 |  683.2 |
               +--------+--------+--------+--------+--------+-----+--------+

Top non-repeatable levels by time:
     D:3: 1094 daAuts
     D:4: 965 daAuts
     D:1: 682 daAuts
     D:2: 619 daAuts
     D:5: 54 daAuts
